Unix NetHack Version 3.7.0-66 Work-in-progress - last build Nov 25 2022 02:21:47 (a67c8fbd212c6e9cfe3af09653023564b5ba1bad,branch:master). Game began 2022-12-04 19:37:14, ended 2022-12-04 19:49:55. McPanther, neutral male gnomish Healer --- --..---- |........ --------- ------. |.-----... .........---....... --.| --... |..------.....----.- |...| -.... |.-- -.--- |.-- |.--- ..... |.- |..| --.| ..... |..| -.| |..| ..... --.| |.|--.- -.... |Z| |.|...| --.-- |@--- --- --- |.|.-- ----..| |...---..--.--.--|...| --.|%%-- |...........)...||..- |....-- --..........[..--|.. |..... --....h---...-- |.. --...- --.|.. --- --- ... --- McPanther the Rhizotomist St:8 Dx:8 Co:16 In:9 Wi:17 Ch:18 Neutral S:397 Dlvl:5 $:1964 HP:0(17) Pw:6(6) AC:1 Xp:1/17 T:1123 Hungry Latest messages: # You don't know how to turn undead! The orc zombie hits! The orc zombie hits! You see here a jackal corpse. What do you want to wield? [- atwx or ?*] You are already wielding that! # The cave spider misses! You hit the cave spider. The cave spider bites! The cave spider just misses! You hit the cave spider. The cave spider bites! You hit the cave spider. The cave spider misses! You hear some noises in the distance. A cave spider was hidden under a white gem! The cave spider bites! The cave spider misses! The cave spider misses! You see here a coarse mantelet. The cave spider misses! You see here a morning star. The cave spider bites! The cave spider misses! You miss the cave spider. The cave spider bites! What do you want to wield? [- atwx or ?*] You are already wielding that! You miss the cave spider. The cave spider bites! You miss the cave spider. The cave spider misses! You fail to cast the spell correctly. The cave spider bites! You miss the cave spider. The cave spider bites! You kill the cave spider! You see here a coarse mantelet. You are beginning to feel hungry. It misses! It just misses! You hear some noises in the distance. You miss the orc zombie. You hit the orc zombie. The orc zombie hits! You die... Do you want your possessions identified? [ynq] (y) Do you want to see your attributes? [ynq] (y) Inventory: Coins $ - 1964 gold pieces Weapons x - 10 blessed +1 darts (at the ready) w - a +0 elven dagger t - 2 +0 orcish daggers a - a +0 scalpel (weapon in hand) Armor A - an uncursed +0 dwarvish iron helm (being worn) q - an uncursed +1 pair of leather gloves (being worn) B - a cursed -1 pair of iron shoes (being worn) v - an uncursed +0 scale mail (being worn) Comestibles j - 6 uncursed apples k - an uncursed food ration Scrolls l - an uncursed scroll of destroy armor s - a blessed scroll of identify m - an uncursed scroll of teleportation Potions e - 4 uncursed potions of extra healing d - 2 uncursed potions of healing Wands f - a wand of sleep (0:4) Tools c - an uncursed stethoscope D - an uncursed towel Gems/Stones p - an uncursed amber stone n - 2 uncursed jade stones y - 2 uncursed worthless pieces of blue glass o - an uncursed worthless piece of red glass z - an uncursed worthless piece of white glass McPanther the Healer's attributes: Background: You were a Rhizotomist, a level 1 male gnomish Healer. You were neutral, on a mission for Hermes who was opposed by Athena (lawful) and Poseidon (chaotic). You were in the Gnomish Mines, on level 5. You entered the dungeon 1123 turns ago. You had 17 experience points, 3 more were needed to attain level 2. Your score was 397 before end-of-game adjustments. Basics: You had 0 out of 17 hit points. You had all 6 energy points (spell power). Your armor class was 1. Your wallet contained 1964 zorkmids. Autopickup was on for '$"?!=/' plus thrown, with exceptions. Final Characteristics: Your strength was 8 (limit:18/50). Your dexterity was 8 (limit:18). Your constitution was 16 (limit:18). Your intelligence was 9 (limit:19). Your wisdom was 17 (limit:18). Your charisma was 18 (limit:18). Final Status: You were hungry. You were unencumbered. You were wielding a knife. You had basic skill with knife. Final Attributes: You were fervently aligned. You were poison resistant. You had infravision. You were warded. You are dead. Miscellaneous: You never encountered a bones level. Total elapsed playing time was 12 minutes and 40 seconds. Major events: Turn 1: McPanther the neutral male gnomish Healer entered the dungeon 625: entered the Gnomish Mines 1123: killed by an orc zombie Vanquished creatures: a gnome leader a kitten 2 dwarves 2 gas spores 2 hobbits a cave spider a yellow mold 4 geckos 4 jackals a fox 2 goblins 4 sewer rats a grid bug 5 lichens 4 newts 35 creatures vanquished. No species were genocided or became extinct. Voluntary challenges: You were vegetarian. You read items or engraved 1 time. You never engraved Elbereth. You never genocided any monsters. You never polymorphed an object. You never changed form. You used no wishes. Achievement: You entered the Gnomish Mines. The Dungeons of Doom: levels 1 to 3 Level 1: Level 2: Level 3: A sink. Stairs down to The Gnomish Mines. The Gnomish Mines: levels 4 to 5 Level 4: Level 5: <- You were here. Final resting place for you, killed by an orc zombie. Game over: ---------- / \ / REST \ / IN \ / PEACE \ / \ | McPanther | | 1964 Au | | killed by an orc | | zombie | | | | | | 2022 | *| * * * | * _________)/\\_//(\/(/\)/\//\/|_)_______ Goodbye McPanther the Healer... You died in The Gnomish Mines on dungeon level 5 with 386 points, and 1964 pieces of gold, after 1123 moves. You were level 1 with a maximum of 17 hit points when you died.